 Dungeon Crawl Stone Soup version 0.29-a0-553-g81b289dbe5 (webtiles) character file.

Game seed: 5502800347630779009

289 kae the Firebug (level 5, -4/38 HPs)
             Began as a Demigod Fire Elementalist on June 6, 2022.
             Slain by a wight
             ... wielding a +0 scimitar
              (15 damage)
             ... on level 4 of the Dungeon.
             The game lasted 00:03:00 (5911 turns).

kae the Firebug (Demigod Fire Elementalist)         Turns: 5911, Time: 00:03:00

Health: -4/38      AC:  3    Str:  9    XL:     5   Next: 82%
Magic:  7/12       EV: 12    Int: 21    God:
Gold:   87         SH:  0    Dex: 14    Spells: 3/9 levels left

rFire   + . .      SeeInvis .   j - +0 long sword
rCold   . . .      Faith    .   (no shield)
rNeg    . . .      Spirit   .   a - +1 robe
rPois   .          Reflect  .   (no helmet)
rElec   .          Harm     .   (no cloak)
rCorr   .          Rampage  .   (no gloves)
Will    .....                   (no boots)
Stlth   ++........              (no amulet)
HPRegen 0.12/turn               m - ring of protection from fire
MPRegen 0.13/turn               (no ring)

@: no status effects
A: high MP 1, forlorn, divine attributes
a: no special abilities


You were on level 4 of the Dungeon.
You visited 1 branch of the dungeon, and saw 4 of its levels.

You collected 87 gold pieces.

Inventory:

Hand Weapons
 j - a +0 long sword (weapon)
Armour
 a - a +1 robe (worn)
Jewellery
 m - a ring of protection from fire (left hand)
Wands
 i - a wand of flame (31)
Scrolls
 l - a scroll of fog
 p - a scroll of enchant armour
Potions
 b - 2 potions of magic
 c - 3 potions of mutation
 d - 2 potions of attraction
 e - 3 potions of curing
 g - a potion of degeneration
 h - 2 potions of lignification
 k - a potion of haste
 n - a potion of ambrosia
 o - a potion of might


   Skills:
 - Level 1.7 Dodging
 - Level 1.7 Stealth
 + Level 2.8 Spellcasting
 * Level 3.5 Conjurations
 * Level 4.4 Fire Magic


You had 3 spell levels left.
You knew the following spells:

 Your Spells              Type           Power      Damage    Failure   Level
a - Foxfire               Conj/Fire      76%        2x1d7     2%          1
b - Scorch                Fire           42%        2d7       3%          2
c - Conjure Flame         Conj/Fire      19%        6-21      8%          3

Your spell library contained the following spells:

 Spells                   Type           Power      Damage    Failure   Level
 Shock                    Conj/Air       40%        1d5       7%          1
 Sandblast                Erth           6%         2d5       14%         1
 Inner Flame              Hex/Fire       12%        N/A       16%         3
 Passwall                 Tmut/Erth      2%         N/A       21%         2
 Stone Arrow              Conj/Erth      20%        3d8       21%         3
 Swiftness                Air            3%         N/A       38%         3
 Flame Wave               Conj/Fire      19%        2d6       26%         4
 Airstrike                Air            1%         N/A       80%         4


Dungeon Overview and Level Annotations

Branches:
Dungeon (4/15)             Temple (0/1) D:4

Shops:
D:4 [[[

Annotations:
D:3 Natasha


Innate Abilities, Weirdness & Mutations

You have an increased reservoir of magic. (+10% MP)
You shall have no god before yourself.
Your divine heritage dramatically boosts your attributes as you level up.


Message History

Casting: Foxfire (safe; 2% risk of failure)
Confirm with . or Enter, or press ? or * to list all spells.
You conjure some foxfire!
The foxfire hits the wight.
The wight is lightly damaged.
The foxfire hits the wight but does no damage.
The wight is lightly damaged.
Casting: Foxfire (safe; 2% risk of failure)
Confirm with . or Enter, or press ? or * to list all spells.
You conjure some foxfire!
The foxfire hits the wight.
The wight is moderately damaged.
The foxfire hits the wight but does no damage.
The wight is moderately damaged.
Casting: Foxfire (safe; 2% risk of failure)
Confirm with . or Enter, or press ? or * to list all spells.
You can't see any susceptible monsters within range! (Use Z to cast anyway.)
Casting: Foxfire (safe; 2% risk of failure)
Confirm with . or Enter, or press ? or * to list all spells.
You conjure some foxfire!
The foxfire hits the wight but does no damage.
The wight is moderately damaged.
The foxfire hits the wight but does no damage.
The wight is moderately damaged.
Casting: Foxfire (safe; 2% risk of failure)
Confirm with . or Enter, or press ? or * to list all spells.
Flames lash the wight.
The wight is heavily damaged.
The wight's fire resistance burns away.
The wight hits you with a +0 scimitar!
Casting: Scorch (safe; 3% risk of failure)
Confirm with . or Enter, or press ? or * to list all spells.
You conjure some foxfire!
The wight hits you with a +0 scimitar!
* * * LOW HITPOINT WARNING * * *
The foxfire hits the wight.
The wight is burned terribly!
The wight is severely damaged.
The foxfire hits the wight.
The wight is burned terribly!
The wight is severely damaged.
The wight hits you with a +0 scimitar!
You die...

#.....#...#....#..⌠...⌠..#.......
#.....'...#....#.........#.......
#.....#...#.........>............
#.....#...#^...#.........#.......
#.....#...'....#..⌠...⌠..#.......
#.....#...#......................
#.....#...#....#.........#.....[.
#.....#...#....##.##.##.##.......
#.....#...#....§@z.......#.......
#.....#...#.........#....#.......
#.....#...#.........#....#.......
#.....#...#.........#....#.......
......# #.........+....#.......
......#####.........#..###.......
)..................#####.....####
...................#...#.....#
...................'...#.....#


You could see a wight (combustible).

Vanquished Creatures
  2 wights
  An iguana (D:4)
  4 gnolls (D:4)
  5 adders
  A worm (D:3)
  3 dart slugs
  7 bats
  5 endoplasms
  2 giant cockroaches
  9 goblins
  6 hobgoblins
  5 quokkas
  5 ball pythons
  4 frilled lizards
  9 kobolds
  7 rats
75 creatures vanquished.

Vanquished Creatures (collateral kills)
  3 foxfires (D:1)
3 creatures vanquished.

Vanquished Creatures (others)
  256 foxfires
  3 plants (D:1)
259 creatures vanquished.

Grand Total: 337 creatures vanquished

Notes
Turn   | Place    | Note
-------+----------+-------------------------------------------
     0 | D:1      | kae the Demigod Fire Elementalist began the quest for the
                  | Orb.
     0 | D:1      | Reached XP level 1. HP: 14/14 MP: 5/5
    44 | D:1      | Reached skill level 1 in Conjurations
   497 | D:1      | Reached XP level 2. HP: 7/20 MP: 2/7
   729 | D:1      | Reached skill level 3 in Fire Magic
  1654 | D:1      | Reached XP level 3. HP: 26/26 MP: 6/8
  1657 | D:1      | Learned a level 2 spell: Scorch
  1661 | D:1      | Learned a level 3 spell: Conjure Flame
  3407 | D:3      | Noticed Natasha
  3645 | D:3      | Reached XP level 4. HP: 33/33 MP: 6/10
  4933 | D:4      | Found Zepacum's Armour Shoppe.
  5024 | D:4      | Found Enoukh's Armour Shoppe.
  5027 | D:4      | Found Qiekhluh's Armour Emporium.
  5176 | D:4      | Found a staircase to the Ecumenical Temple.
  5198 | D:4      | Reached skill level 4 in Fire Magic
  5198 | D:4      | Reached XP level 5. HP: 38/38 MP: 5/11
  5911 | D:4      | Slain by a wight

Illustrated notes

Levels and vault maps discovered:
D:1:      wheals_arrival_linesprint, layout_basic,
          shapermc_ecumenical_altar_petra, serial_bayou_lake_a
D:2:      layout_loops_corners, nicolae_elevator_lobby_plus
D:3:      layout_basic, uniq_natasha
D:4:      layout_gridville, minmay_temple_entry_large_hall, serial_shops, shop,
          nicolae_shop_trees, nicolae_shop_waterfront

Skill      XL: |  1  2  3  4  5 |
---------------+----------------+-----
Conjurations   | 1 2 3 |  3.5
Fire Magic     | 3 4 |  4.4
Spellcasting   | 2 |  2.8
Dodging        | |  1.7
Stealth        | |  1.7

Action                   |  1- 3 |  4- 6 || total
-------------------------+-------+-------++-------
Melee: Unarmed           |     8 |       ||     8
 Cast: Foxfire           |    96 |    57 ||   153
       Scorch            |     6 |    12 ||    18
       Conjure Flame     |       |     1 ||     1
  Use: Scroll            |     6 |     4 ||    10
Armor: Robe              |     8 |       ||     8
Dodge: Dodged            |    21 |     6 ||    27

Table legend: (Time is in decaauts)
 A = Elapsed time spent in this place.
 B = Non-inter-level travel time spent in this place.
 C = Inter-level travel time spent in this place.
 D = Time resting spent in this place.
 E = Time spent auto-exploring this place.
 F = Levels seen in this place.
 G = Mean time per level.
                   A        B        C        D        E       F      G
               +--------+--------+--------+--------+--------+-----+--------+
         Total |   5952 |   5574 |    378 |    263 |   4689 |   4 | 1488.0 |
       Dungeon |   5952 |   5574 |    378 |    263 |   4689 |   4 | 1488.0 |
               +--------+--------+--------+--------+--------+-----+--------+

Top non-repeatable levels by time:
     D:1: 2150 daAuts
     D:3: 1958 daAuts
     D:2: 1137 daAuts
     D:4: 706 daAuts
